 Dungeon Crawl Stone Soup version 0.29.0-4-gdea44cf6ec (webtiles) character file.

Game seed: 5852106169462747741

95 qw the Chopper (level 4, -2/35 HPs)
             Began as a Formicid Cinder Acolyte on Sept 3, 2022.
             Was a High Priest of Ignis.
             Slain by a gnoll
             ... wielding a +0 spear
              (4 damage)
             ... on level 3 of the Dungeon.
             The game lasted 00:01:02 (2560 turns).

qw the Chopper (Formicid Cinder Acolyte)            Turns: 2560, Time: 00:01:03

Health: -2/35      AC: 15    Str: 21    XL:     4   Next: 97%
Magic:  0/5        EV:  7    Int: 13    God:    Ignis [*****.]
Gold:   129        SH:  0    Dex:  9    Spells: 5/5 levels left

rFire   + . .      SeeInvis +   Y - -1 hand axe (flame)
rCold   . . .      Faith    .   (no shield)
rNeg    . . .      Spirit   +   i - +0 chain mail
rPois   .          Reflect  .   (helmet unavailable)
rElec   .          Harm     .   (no cloak)
rCorr   .          Rampage  .   (no gloves)
Will    .....                   (no boots)
Stlth   ..........              j - amulet of guardian spirit
HPRegen 0.11/turn               (no ring)
MPRegen 0.09/turn               (no ring)

@: fiery-armoured
A: permanent stasis, dig shafts and tunnels, antennae 3, four strong arms
a: Dig, Shaft Self, Renounce Religion, Fiery Armour, Foxfire Swarm, Rising Flame


You were on level 3 of the Dungeon.
You worshipped Ignis.
Ignis was extremely pleased with you.
You visited 1 branch of the dungeon, and saw 3 of its levels.

You collected 129 gold pieces.


Innate Abilities, Weirdness & Mutations

You cannot be hasted, slowed, berserked, paralysed or teleported.
You can dig through walls and to a lower floor.
You have a pair of large antennae on your head. (SInv)
Your four strong arms can wield two-handed weapons with a shield.


   Skills:
 - Level 3.2 Fighting
 + Level 4.8 Axes
 - Level 1.2 Throwing
 - Level 1.0 Armour
 - Level 0.1 Dodging
 - Level 1.1 Spellcasting
 - Level 3.0 Fire Magic


You had 5 spell levels left.
You didn't know any spells.
Your spell library contained the following spells:

 Spells                   Type           Power      Damage    Failure   Level
 Scorch                   Fire           16%        2d6       78%         2

Inventory:

Hand Weapons
 Y - a -1 hand axe of flaming (weapon)
Missiles
 d - 4 javelins (quivered)
 h - 3 silver javelins
Armour
 i - a +0 chain mail (worn)
Jewellery
 j - an amulet of guardian spirit (around neck)
Scrolls
 f - 2 scrolls of teleportation
Potions
 a - a potion of haste {unknown}
 b - a potion of brilliance {unknown}
 c - 2 potions of curing
 g - a potion of lignification {unknown}

Dungeon Overview and Level Annotations

Branches:
Dungeon (3/15)

Altars:
Vehumet

Annotations:
D:2 1 runed translucent door, Crazy Yiuf


Message History

The gnoll is burned by your cloak of flames.
You kill the gnoll!
The gnoll hits you but does no damage.
The gnoll is burned by your cloak of flames.
The gnoll is lightly wounded.
2553 ||| Stepping ~*~*~tactically~*~*~ (hiding).
You hit the gnoll. You burn the gnoll.
The gnoll is heavily wounded.
The gnoll hits you but does no damage.
The gnoll is burned by your cloak of flames.
The gnoll is almost dead.
You closely miss the gnoll.
The gnoll is almost dead.
You closely miss the gnoll. The gnoll hits you with a +0 club.
The gnoll is burned by your cloak of flames.
You kill the gnoll!
The gnoll hits you with a +0 club.
The gnoll is burned by your cloak of flames.
The gnoll is moderately wounded.
You hit the gnoll. You burn the gnoll.
The gnoll is heavily wounded.
The gnoll hits you with a +0 club. The gnoll hits you but does no damage.
You hit the gnoll but do no damage.
The gnoll is heavily wounded.
The gnoll hits you with a +0 club.
The gnoll is burned by your cloak of flames.
The gnoll is severely wounded.
The gnoll hits you from afar with a +0 spear.
You hit the gnoll. You burn the gnoll.
The gnoll is almost dead.
The gnoll barely misses you. The gnoll hits you with a +0 club.
The gnoll is burned by your cloak of flames.
You kill the gnoll!
The gnoll completely misses you.
Things that are here:
a +0 club; a gnoll corpse You hit the gnoll but do no damage.
The gnoll hits you with a +0 spear.
You die...

##. ... . ..#
.. ..##. ....
..# ####g.#
#..@).# ###
#....## #..
#.#### #.#
#.# #.# #.#
##.#######
#>#
####...%....#
#.#
#.....#####.#
#.# ##.##.##
#<#
#.#####...#.#
#.#


You could see a gnoll.

Vanquished Creatures
  2 adders
  3 gnolls (D:3)
  A worm (D:3)
  A dart slug (D:1)
  3 endoplasms
  A giant cockroach (D:1)
  3 goblins
  2 hobgoblins (D:1)
  3 jackals (D:2)
  2 quokkas
  5 ball pythons
  6 bats
  6 frilled lizards (D:1)
  6 kobolds
  A rat (D:1)
  A spectral kobold (D:3)
46 creatures vanquished.

Notes
Turn   | Place    | Note
-------+----------+-------------------------------------------
     0 | D:1      | qw the Formicid Cinder Acolyte began the quest for the Orb.
     0 | D:1      | Reached XP level 1. HP: 18/18 MP: 2/2
     0 | D:1      | 0 ||| qw: Version: 0.1-a-102-g441f92d
     0 | D:1      | 0 ||| qw: Game counter: 5084
     0 | D:1      | 0 ||| qw: Always use a shield: true
     0 | D:1      | 0 ||| qw: God list: Okawaru
     0 | D:1      | 0 ||| qw: Allow faded altars: false
     0 | D:1      | 0 ||| qw: Do Orc after D:15 true
     0 | D:1      | 0 ||| qw: Do second Lair branch before Depths: true
     0 | D:1      | 0 ||| qw: Lair rune preference: random
     0 | D:1      | 0 ||| qw: Plans: Normal
     0 | D:1      | 0 ||| PLANNING D:1-11
    97 | D:1      | 97 ||| Stepping ~*~*~tactically~*~*~ (stealth).
   104 | D:1      | 104 ||| INVOKING Fiery Armour.
   106 | D:1      | 106 ||| Stepping ~*~*~tactically~*~*~ (stealth).
   107 | D:1      | 107 ||| Stepping ~*~*~tactically~*~*~ (stealth).
   306 | D:1      | 306 ||| Stepping ~*~*~tactically~*~*~ (stealth).
   307 | D:1      | 307 ||| Stepping ~*~*~tactically~*~*~ (stealth).
   398 | D:1      | Reached XP level 2. HP: 24/24 MP: 3/3
   571 | D:1      | 571 ||| Stepping ~*~*~tactically~*~*~ (stealth).
   790 | D:1      | 790 ||| Stepping ~*~*~tactically~*~*~ (stealth).
   876 | D:1      | 876 ||| Stepping ~*~*~tactically~*~*~ (hiding).
   982 | D:1      | 982 ||| Stepping ~*~*~tactically~*~*~ (hiding).
  1084 | D:1      | 1084 ||| Stepping ~*~*~tactically~*~*~ (hiding).
  1186 | D:1      | 1186 ||| Stepping ~*~*~tactically~*~*~ (hiding).
  1313 | D:1      | Reached skill level 4 in Axes
  1313 | D:1      | Reached XP level 3. HP: 23/29 MP: 4/4
  1427 | D:1      | 1427 ||| UPGRADING to +0 scale mail.
  1440 | D:1      | 1440 ||| DROPPING +0 robe.
  1441 | D:1      | 1441 ||| READING scroll labelled YLIXEX LOOTSOH.
  1442 | D:1      | 1442 ||| Stepping ~*~*~tactically~*~*~ (stealth).
  1443 | D:1      | 1443 ||| READING 3 scrolls labelled RIUF QATUMEY.
  1444 | D:1      | 1444 ||| READING 2 scrolls labelled TECIMYNKOL.
  1445 | D:1      | 1445 ||| Stepping ~*~*~tactically~*~*~ (stealth).
  1446 | D:1      | 1446 ||| READING scroll labelled LADUSI PUPT.
  1447 | D:1      | 1447 ||| READING scroll labelled GUKKOU YVVUDIE.
  1448 | D:1      | 1448 ||| DROPPING scroll of vulnerability.
  1505 | D:2      | Reached skill level 1 in Armour
  1613 | D:2      | 1613 ||| Stepping ~*~*~tactically~*~*~ (stealth).
  1619 | D:2      | Found a radiant altar of Vehumet.
  1622 | D:2      | 1622 ||| Stepping ~*~*~tactically~*~*~ (stealth).
  1837 | D:2      | 1837 ||| Stepping ~*~*~tactically~*~*~ (stealth).
  1845 | D:2      | Reached XP level 4. HP: 35/35 MP: 5/5
  1966 | D:2      | Found a runed translucent door.
  1967 | D:2      | Noticed Crazy Yiuf
  2361 | D:2      | 2361 ||| UPGRADING to +0 chain mail.
  2371 | D:2      | 2371 ||| DROPPING +0 scale mail.
  2372 | D:2      | 2372 ||| UPGRADING to amulet of guardian spirit.
  2377 | D:2      | 2377 ||| DRINKING 3 emerald potions.
  2415 | D:3      | Reached skill level 1 in Throwing
  2467 | D:3      | Found a faded altar of an unknown god.
  2547 | D:3      | 2547 ||| INVOKING Fiery Armour.
  2553 | D:3      | 2553 ||| Stepping ~*~*~tactically~*~*~ (hiding).
  2557 | D:3      | HP: 6/35 [gnoll/+0 club (4)]
  2557 | D:3      | HP: 2/35 [gnoll/+0 spear (4)]
  2560 | D:3      | Slain by a gnoll

Levels and vault maps discovered:
D:1:      dpeg_arrival_court, layout_loops_cross
D:2:      layout_basic, basic_altar, serial_aquarium, aquarium_bridge_straight
          [aquarium_subvault_bridge, aquarium_subvault_balcony,
          aquarium_subvault_bridge, aquarium_subvault_wall],
          aquarium_window_fake, aquarium_window_fake, aquarium_window_2,
          aquarium_view_2c, aquarium_balcony_3b, st_stairs_9,
          chequers_serial_rivers_micro_d, nicolae_kite_square_tiling_tiny,
          uniq_crazy_yiuf_cottage
D:3:      lemuel_castle_with_subvaults [lemuel_castle_interior_carwin_3],
          layout_loops_ring, dreamdust_ecumenical_altar_drowned_temple

Skill      XL: |  1  2  3  4 |
---------------+-------------+-----
Axes           | 4 |  4.8
Armour         | 1 |  1.0
Throwing       | 1 |  1.2
Fighting       | |  3.2
Dodging        | |  0.1
Spellcasting   | |  1.1
Fire Magic     | |  3.0

Action                   |  1- 3 |  4- 6 || total
-------------------------+-------+-------++-------
Melee: Hand axe          |    85 |    18 ||   103
Throw: Javelin           |     6 |    12 ||    18
Invok: Fiery Armour      |     1 |     1 ||     2
  Use: Scroll            |     5 |       ||     5
       Potion            |       |     1 ||     1
Armor: Robe              |    13 |       ||    13
       Scale mail        |     5 |       ||     5
       Chain mail        |       |     8 ||     8
Dodge: Dodged            |    45 |     7 ||    52

Table legend:
 A = Non-vault XP
 B = Vault XP
 C = Vault XP percentage of total XP
 D = Non-vault monster count
 E = Vault monster count
 F = Vault count percentage of total count
                 A         B        C        D         E       F
            +---------+---------+-------+---------+---------+-------
      Total |     132 |       5 |   3.6 |      43 |       3 |   6.5
            +---------+---------+-------+---------+---------+-------
        D:1 |      36 |       0 |   0.0 |      24 |       0 |   0.0
        D:2 |      29 |       4 |  12.1 |      10 |       2 |  16.7
        D:3 |      67 |       1 |   1.5 |       9 |       1 |  10.0
            +---------+---------+-------+---------+---------+-------
